Map: CJ Biome FFA

Players

CyclonesXD - Winner!

  • Race: Terran Terran
  • League: Master
  • Spawn Location: 11:00

MasterVasya

  • Race: Terran Terran
  • League: Master
  • Spawn Location: 5:00

ДартАньЯн

  • Race: Zerg Zerg
  • Spawn Location: 12:00

Zarak

  • Race: Zerg Zerg
  • League: Platinum
  • Spawn Location: 3:00

Axis

  • Race: Protoss Protoss
  • League: Diamond
  • Spawn Location: 7:00

VOD

Have the link to the VOD?

Description

Грязевые ванны

Time

  • Played on: Oct. 4, 2017, 12:56 p.m.
  • Length: 33:27
Show
View Real Time Build Order
Export as new Build Order

CyclonesXD Terran - Winner!

Build Orders: Gas First Reaper Expand 

Get SALT Encoding   

  12  0:01  SCV  
  13  0:13  SCV  
  14  0:19  Supply Depot  
  14  0:25  SCV  
  15  0:29  Refinery  
  15  0:41  SCV  
  16  0:45  Barracks  
  16  0:53  SCV  
  17  1:05  SCV  
  18  1:17  SCV  
  19  1:32  Orbital Command  
  19  1:36  Reaper  
  20  1:44  Command Center  
  20  1:54  Factory  
  20  1:58  SCV  
  21  2:04  Refinery  
  21  2:10  SCV  
  21  2:14  Barracks Reactor  
  22  2:20  Supply Depot  
  22  2:23  SCV  
  23  2:41  SCV  
  24  2:45  Starport  
  24  2:51  Factory Tech Lab  
  24  2:52  Marine  
  24  2:53  Marine  
  24  2:54  SCV  
  27  3:01  Orbital Command  
  27  3:06  SCV  
  27  3:10  Marine  
  29  3:13  Marine  
  29  3:18  SCV  
  31  3:25  Siege Tank  
  34  3:28  Marine, SCV  
  34  3:30  SCV  
  34  3:33  Marine, Supply Depot  
  38  3:41  SCV  
  38  3:42  SCV  
  38  3:46  Marine  
  41  3:50  Marine  
  41  3:53  SCV  
  41  3:54  SCV  
  44  3:58  Siege Tank  
  44  3:59  Engineering Bay  
  47  4:06  SCV x2  
  47  4:07  Marine  
  50  4:14  Supply Depot  
  50  4:15  Marine  
  51  4:18  SCV x2  
  53  4:25  Marine  
  53  4:26  Missile Turret  
  53  4:28  Missile Turret  
  54  4:35  Marine, Viking  
  54  4:36  SCV x2  
  59  4:43  Marine  
  59  4:44  Barracks  
  60  4:48  SCV x2  
  60  4:49  Terran Infantry Weapons Level 1  
  60  4:50  Refinery  
  62  4:57  Supply Depot, Barracks  
  62  5:09  Marine  
  62  5:10  Supply Depot  
  62  5:15  Refinery  
  62  5:18  Marine, Siege Tank, SCV  
  62  5:20  SCV  
  68  5:25  Starport Reactor, Supply Depot  
  68  5:27  Marine  
  69  5:30  Supply Depot, SCV  
  69  5:35  SCV  
  71  5:36  Marine  
  73  5:42  SCV  
  73  5:44  Marine  
  73  5:47  SCV  
  77  5:52  Barracks Reactor, Barracks Tech Lab  
  77  5:54  Marine, Siege Tank  
  77  5:55  SCV  
  80  6:02  Marine, SCV  
  82  6:11  Marine x2  
  82  6:19  Command Center  
  82  6:20  Marine  
  83  6:28  Marine  
  83  6:29  Marine  
  81  6:33  SCV  
  81  6:34  Marine x2  
  81  6:37  Medivac x2  
  81  6:38  Marine  
  80  6:40  Supply Depot  
  80  6:43  Terran Infantry Armor Level 1, Stimpack  
  80  6:46  Marine  
  81  6:47  Marine  
  81  6:51  Marine x2  
  84  6:56  Marine  
  84  6:59  Supply Depot  
  84  7:00  Supply Depot  
  85  7:04  Marine, Siege Tank  
  85  7:05  Marine  
  85  7:07  Medivac x2  
  94  7:09  Marine x2  
  94  7:13  Marine, Barracks  
  97  7:18  Barracks  
  97  7:19  SCV  
  97  7:20  Armory  
  97  7:22  Marine  
  99  7:23  Marine, SCV  
  99  7:27  Marine x2  
  103  7:31  Marine, SCV  
  103  7:33  Orbital Command  
  105  7:40  Marine  
  105  7:41  Marine  
  107  7:45  Marine x2  
  107  7:49  Marine  
  110  7:53  Liberator  
  110  7:54  Liberator  
  110  7:57  Marine  
  117  8:00  Marine  
  117  8:04  Marine  
  117  8:05  Marine, SCV  
  121  8:09  Barracks Reactor  
  121  8:10  Marine, Barracks Reactor  
  122  8:13  SCV  
  122  8:15  Marine  
  122  8:18  Marine  
  121  8:21  Marine  
  121  8:23  Marine  
  109  8:28  Marine  
  109  8:31  SCV  
  109  8:32  SCV  
  109  8:33  Marine  
  113  8:34  Siege Tank  
  113  8:36  Marine, Missile Turret, Medivac x2  
  113  8:39  Marine  
  113  8:40  Marine  
  123  8:41  Missile Turret  
  123  8:44  SCV  
  123  8:45  SCV  
  123  8:46  Marine  
  123  8:47  Terran Infantry Weapons Level 2  
  126  8:50  Engineering Bay  
  126  8:51  Marine x2  
  126  8:52  Marine x2  
  126  8:54  Marine x2  
  132  8:57  Marine  
  132  9:01  Marine  
  126  9:06  Medivac x2  
  126  9:09  Marine  
  111  9:10  Marine  
  111  9:11  Marine  
  111  9:15  Marine  
  111  9:16  Marine x2  
  111  9:17  Marine  
  111  9:19  SCV x3  
  111  9:20  Marine x2  
  117  9:26  Refinery  
  117  9:27  Marine  
  117  9:29  Siege Tank, Refinery  
  117  9:31  Marine, SCV  
  123  9:35  SCV  
  123  9:36  Medivac x2, SCV  
  129  9:40  Starport  
  129  9:41  Marine  
  129  9:43  Missile Turret, SCV  
  129  9:44  Marine x2  
  133  9:46  Missile Turret  
  133  9:49  Marine  
  133  9:50  Marine  
  133  10:01  Terran Ship Weapons Level 1  
  133  10:03  Starport  
  133  10:16  Command Center  
  133  10:20  Marine, SCV  
  133  10:38  Marine x4, Siege Tank  
  133  10:45  Marine, SCV  
  133  10:47  Marine x4, SCV  
  133  10:48  Starport Tech Lab x2, Fusion Core  
  133  10:49  Medivac  
  132  10:50  Liberator  
  132  10:56  Marine x3  
  132  10:57  Marine  
  133  11:05  Weapon Refit  
  133  11:09  Supply Depot  
  133  11:10  Supply Depot  
  133  11:12  Supply Depot  
  133  11:13  Supply Depot  
  133  11:17  Marine  
  133  11:25  Marine x2, SCV  
  133  11:28  Marine x6, Siege Tank, SCV x2  
  148  11:35  Marine  
  145  11:41  Battlecruiser x2  
  145  11:43  Marine x2  
  145  11:46  Marine x6  
  165  11:50  Supply Depot  
  165  11:53  Marine  
  166  12:00  Marine x2  
  168  12:03  Marine x6  
  168  12:06  Supply Depot  
  174  12:11  Marine, Supply Depot  
  174  12:12  Supply Depot  
  178  12:18  Marine x2  
  178  12:21  Marine  
  178  12:22  Armory  
  178  12:23  Terran Ship Weapons Level 2  
  178  12:24  Marine  
  178  12:25  Marine x2  
  178  12:26  Marine x2  
  178  12:28  Marine  
  184  12:36  Marine  
  185  12:43  Siege Tank  
  184  12:45  Battlecruiser x2  
  184  12:48  Marine  
  184  12:49  Marine x2  
  199  12:58  Marine  
  200  13:08  Starport  
  200  13:15  Planetary Fortress  
  200  13:18  Refinery  
  200  13:26  Refinery x2  
  199  13:33  SCV  
  195  13:35  Marine  
  195  13:36  Marine  
  195  13:38  Marine  
  188  13:41  SCV x2  
  190  13:49  Starport Tech Lab, Battlecruiser  
  196  14:06  Terran Vehicle And Ship Armor Level 1  
  196  14:08  Marine  
  197  14:20  Starport  
  197  14:22  Starport  
  197  14:25  Marine  
  197  14:26  Marine x2  
  169  14:38  Marine  
  169  14:39  Marine x2  
  169  14:40  Battlecruiser  
  169  14:45  Starport x2  
  167  14:46  Marine  
  167  14:47  Command Center  
  167  14:51  Marine x2  
  170  14:53  Battlecruiser  
  170  14:56  Medivac  
  178  15:02  Starport Tech Lab x2  
  178  15:03  Battlecruiser  
  178  15:05  Marine x3  
  187  15:15  Supply Depot  
  187  15:17  Terran Ship Weapons Level 3  
  187  15:19  Marine x2  
  189  15:24  Marine  
  190  15:28  Marine  
  190  15:34  Marine  
  190  15:35  Marine  
  193  15:36  Marine x2  
  193  15:37  Marine  
  193  15:42  Marine x3  
  178  15:44  Battlecruiser  
  178  15:46  Marine  
  185  15:52  Marine x2  
  185  15:54  Marine x2  
  185  15:55  Marine  
  190  15:57  Battlecruiser  
  190  16:00  Starport Tech Lab x2, Marine x3  
  199  16:04  Marine  
  199  16:09  Marine  
  199  16:10  Marine  
  197  16:11  Marine  
  197  16:12  Marine x2  
  200  16:22  Marine  
  181  16:27  Marine  
  181  16:30  Battlecruiser x4  
  181  16:31  SCV  
  197  16:32  SCV  
  197  16:33  SCV  
  197  16:37  Marine  
  197  16:39  Marine  
  197  16:46  Refinery  
  194  16:48  Marine  
  194  16:50  Refinery  
  195  16:54  Marine  
  195  16:59  Marine, Planetary Fortress  
  197  17:01  Marine  
  197  17:02  Marine  
  197  17:03  Marine  
  196  17:29  Terran Vehicle And Ship Armor Level 2  
  196  17:32  Marine  
  153  17:38  Marine  
  153  17:39  Marine  
  142  17:47  Marine  
  142  17:48  Marine  
  142  17:49  Battlecruiser x3  
  142  17:50  Marine x2  
  148  17:51  Marine  
  148  17:52  Marine x2  
  148  17:55  Marine  
  148  17:57  Marine  
  139  18:04  Battlecruiser  
  139  18:05  Marine  
  145  18:06  Marine  
  145  18:08  Marine x2  
  145  18:09  Marine x2  
  145  18:10  Marine  
  151  18:13  Marine  
  151  18:14  Marine, Command Center  
  153  18:21  Siege Tank  
  153  18:22  Marine  
  153  18:23  Marine  
  153  18:26  Marine x2  
  160  18:27  Marine x3  
  160  18:31  Marine  
  160  18:32  Marine  
  160  18:33  Command Center  
  165  18:37  Missile Turret  
  165  18:40  Marine  
  166  18:41  Marine  
  166  18:44  Marine x2  
  169  18:52  Marine x2  
  169  18:53  Marine x2, Bunker, Siege Tank  
  169  18:54  Marine  
  177  18:56  Engineering Bay, Bunker  
  177  18:58  Marine  
  177  18:59  Engineering Bay  
  178  19:05  Marine  
  178  19:09  Marine  
  180  19:14  Marine  
  180  19:16  Marine  
  181  19:25  Siege Tank  
  175  19:35  Marine  
  175  19:36  Marine  
  146  19:47  Marine  
  146  19:48  Marine x2  
  146  19:49  Marine  
  146  19:52  Battlecruiser x2  
  160  19:54  Command Center  
  160  19:55  Marine  
  160  19:56  Medivac x2  
  160  19:57  Orbital Command  
  160  19:58  Siege Tank  
  168  20:01  Supply Depot  
  168  20:08  Marine  
  168  20:09  Marine x3  
  168  20:10  Marine  
  168  20:12  Marine  
  174  20:17  Medivac x3  
  174  20:18  Marine  
  181  20:29  Marine  
  181  20:30  Siege Tank  
  181  20:31  Marine x2  
  181  20:33  Medivac  
  189  20:38  Marine x2  
  189  20:40  Marine x2  
  189  20:41  Marine  
  189  20:42  Medivac  
  196  20:43  Marine  
  196  20:47  Marine  
  196  20:49  Marine  
  199  20:57  Marine  
  193  21:08  Marine x2  
  163  21:14  Marine  
  163  21:15  Marine  
  163  21:16  Marine  
  163  21:17  Marine  
  163  21:18  Marine x2  
  160  21:19  Siege Tank  
  160  21:21  Medivac  
  160  21:22  Marine  
  167  21:26  Marine  
  167  21:30  Marine  
  167  21:32  Marine  
  170  21:35  Liberator x2  
  170  21:36  Marine  
  170  21:37  Marine x2  
  179  21:40  Marine  
  179  21:42  Marine  
  181  21:48  Marine  
  181  21:50  Marine  
  181  21:51  Siege Tank  
  181  21:52  Marine  
  187  21:58  Marine  
  187  21:59  Orbital Command  
  188  22:03  Marine  
  189  22:09  Marine  
  190  22:17  Marine  
  190  22:18  Marine  
  192  22:23  Siege Tank  
  192  22:38  Marine x2  
  180  22:47  Marine  
  180  22:48  Marine  
  153  22:52  Marine  
  153  22:53  Marine  
  153  22:54  Marine x2  
  153  22:56  Siege Tank  
  153  22:57  Marine  
  161  22:59  Marine  
  161  23:00  Marine  
  161  23:05  Marine, Medivac x2  
  168  23:06  Marine, Liberator x3  
  168  23:09  Starport Reactor  
  168  23:10  Marine  
  168  23:11  Marine x2  
  168  23:12  Marine  
  182  23:15  Marine  
  182  23:17  Marine, Starport Reactor  
  182  23:18  Marine  
  185  23:23  Marine  
  185  23:24  Marine  
  187  23:28  Marine, Siege Tank  
  187  23:29  Marine x2  
  187  23:30  Marine  
  187  23:32  Marine  
  187  23:33  Orbital Command  
  195  23:35  Marine x2  
  195  23:40  Refinery  
  195  23:41  Marine, Refinery  
  198  23:42  Marine  
  198  23:45  Advanced Ballistics  
  198  23:46  Marine  
  200  24:00  Siege Tank  
  200  24:07  Marine x3  
  200  24:16  Marine x2  
  200  24:25  Marine  
  200  24:26  Liberator  
  200  24:28  Marine  
  200  24:29  Marine  
  200  24:43  Marine  
  188  24:47  Marine  
  188  24:50  Marine x2  
  188  24:52  Marine  
  185  24:57  Marine  
  182  25:05  Marine  
  182  25:06  Marine x3  
  182  25:07  Marine  
  168  25:09  Marine  
  168  25:11  Marine x2  
  163  25:16  Marine  
  164  25:23  Marine  
  164  25:24  Marine  
  153  25:28  Marine  
  153  25:35  Marine x2  
  153  25:36  Marine x2  
  153  25:37  Liberator  
  153  25:38  Liberator x8  
  153  25:40  Marine  
  153  25:41  Marine  
  184  25:48  Marine  
  184  25:49  Marine  
  185  25:54  Marine x2  
  186  25:58  Marine, Terran Infantry Armor Level 2, Terran Infantry Weapons Level 3  
  186  26:09  Marine  
  178  26:13  Marine  
  178  26:15  Marine x2  
  178  26:16  Liberator  
  177  26:25  Marine  
  150  26:42  Marine  
  150  26:43  Marine  
  150  26:44  Marine  
  153  26:47  Marine  
  152  26:55  Marine x5  
  152  26:56  Siege Tank  
  152  26:59  Marine  
  152  27:01  Marine x2  
  161  27:05  Marine  
  163  27:13  Marine x2  
  150  27:16  Marine  
  150  27:17  Marine  
  150  27:18  Marine  
  150  27:20  Marine  
  145  27:24  Marine  
  145  27:26  Marine x2  
  145  27:30  Marine  
  145  27:31  Marine  
  145  27:34  Marine  
  145  27:36  Marine  
  149  27:37  Marine  
  149  27:38  Marine  
  149  27:42  Marine  
  149  27:44  Marine x2  
  152  27:48  Marine x2  
  156  27:51  Marine  
  156  27:54  Marine  
  144  27:59  Marine  
  144  28:00  Marine  
  144  28:03  Orbital Command  
  144  28:05  Marine  
  144  28:06  Marine  
  144  28:07  Marine  
  146  28:18  Marine x2  
  146  28:19  Marine  
  149  28:32  Marine  
  149  28:33  Marine  
  142  28:49  Marine  
  138  29:04  Marine x2  
  138  29:09  Marine  
  141  29:14  Marine  
  127  29:18  Marine  
  122  29:28  Marine  
  123  29:34  Marine  
  122  29:38  Marine  
  122  29:40  Marine x2  
  122  29:41  Marine x4  
  126  29:49  Marine  
  126  29:52  Marine  
  123  29:58  Marine  
  124  30:09  Marine  
  119  30:24  Marine  
  119  30:25  Marine  
  119  30:27  Marine  
  120  30:39  Marine  
  120  30:40  Marine  
  117  30:55  Marine  
  117  30:59  Marine  
  117  31:07  Marine  
  117  31:18  Marine  
  109  31:39  Marine  
Show
View Real Time Build Order
Export as new Build Order

MasterVasya Terran 

Build Orders: Banshee Rush 

Get SALT Encoding   

  12  0:03  SCV  
  13  0:15  SCV  
  13  0:20  Supply Depot  
  14  0:27  SCV  
  15  0:42  SCV  
  16  0:43  Refinery  
  16  0:45  Barracks  
  16  0:56  SCV  
  17  1:08  SCV  
  18  1:20  SCV  
  19  1:32  Orbital Command  
  19  1:33  Marine  
  20  1:45  Command Center  
  20  1:55  Factory  
  20  2:00  Marine  
  21  2:03  SCV  
  22  2:15  Supply Depot  
  22  2:16  SCV  
  23  2:24  Barracks Reactor  
  23  2:34  Refinery  
  24  2:37  SCV  
  24  2:40  Starport  
  24  2:49  Factory Tech Lab, SCV  
  25  2:57  Orbital Command  
  25  3:01  Marine x2, SCV  
  28  3:13  SCV  
  28  3:19  Marine x2  
  31  3:24  Cloaking Field  
  31  3:25  SCV  
  32  3:30  SCV  
  32  3:31  Hellion  
  32  3:32  Banshee  
  38  3:37  SCV  
  38  3:41  Supply Depot  
  39  3:42  Marine, SCV  
  39  3:43  Marine  
  42  3:49  SCV  
  42  3:50  Supply Depot  
  42  3:54  SCV  
  44  3:59  Factory Tech Lab  
  44  4:01  SCV, Refinery  
  45  4:03  Supply Depot  
  45  4:04  Marine  
  45  4:06  SCV  
  47  4:15  Banshee  
  50  4:17  Siege Tank  
  50  4:23  SCV x2  
  55  4:26  Supply Depot  
  55  4:37  SCV  
  55  4:38  SCV  
  57  4:45  Marine x2  
  57  4:51  Siege Tank  
  57  4:52  SCV x2  
  64  4:58  Banshee  
  67  5:04  SCV x2  
  69  5:14  Command Center  
  69  5:16  SCV x2  
  71  5:21  Marine x2  
  71  5:23  Siege Tank  
  73  5:28  SCV x2  
  75  5:40  SCV x2  
  77  5:46  Marine  
  78  5:51  Supply Depot x2  
  78  5:53  Refinery  
  78  6:05  Starport x2  
  78  6:06  Supply Depot  
  78  6:12  Marine, Siege Tank, SCV x2  
  84  6:22  Banshee  
  87  6:41  Orbital Command  
  87  6:44  Starport Tech Lab x2, Siege Tank  
  90  6:48  Supply Depot x2  
  90  6:49  Engineering Bay  
  90  7:05  Banshee, Starport x2  
  93  7:12  SCV x2  
  95  7:18  Missile Turret  
  95  7:20  Missile Turret, Refinery  
  95  7:21  Missile Turret  
  95  7:22  Missile Turret  
  95  7:23  Refinery  
  95  7:24  SCV x2  
  97  7:36  SCV x2  
  99  7:43  Missile Turret  
  99  7:45  Starport Tech Lab x2, Orbital Command  
  99  7:46  Missile Turret  
  99  7:48  SCV x2, Banshee  
  104  8:00  SCV, Fusion Core  
  104  8:01  Weapon Refit, Armory  
  104  8:05  Armory  
  105  8:06  SCV  
  105  8:12  SCV, Command Center  
  107  8:14  Siege Tank  
  107  8:16  SCV  
  107  8:18  SCV  
  112  8:22  Supply Depot  
  112  8:24  Supply Depot, SCV  
  113  8:28  SCV  
  113  8:30  SCV  
  115  8:34  Missile Turret  
  115  8:36  SCV  
  115  8:41  SCV  
  117  8:50  Battlecruiser x2  
  117  8:51  Command Center  
  117  8:54  Terran Ship Weapons Level 1  
  129  8:57  Terran Vehicle And Ship Armor Level 1  
  124  9:05  SCV x3  
  118  9:16  Battlecruiser  
  124  9:17  SCV x2  
  124  9:18  SCV  
  124  9:23  Missile Turret  
  127  9:24  Orbital Command  
  127  9:25  Missile Turret  
  127  9:29  SCV x2  
  127  9:30  SCV  
  130  9:32  Missile Turret  
  130  9:33  Missile Turret x2  
  130  9:41  SCV  
  130  9:42  SCV x2  
  133  9:54  SCV  
  133  9:56  Missile Turret x2  
  133  9:57  Battlecruiser, Missile Turret  
  140  10:02  Supply Depot x2  
  140  10:05  Battlecruiser  
  146  10:11  Orbital Command  
  142  10:39  Orbital Command  
  137  10:45  SCV  
  137  10:46  SCV x3  
  117  10:58  SCV x4  
  117  10:59  Missile Turret  
  117  11:03  Missile Turret  
  121  11:10  SCV x4  
  125  11:12  Battlecruiser x2  
  137  11:19  Missile Turret x2  
  137  11:21  Terran Ship Weapons Level 2  
  137  11:23  SCV x3  
  140  11:37  Orbital Command  
  140  12:04  Battlecruiser  
  140  12:07  Refinery  
  146  12:08  Refinery  
  146  12:11  Siege Tank  
  146  12:12  SCV x3  
  152  12:18  Viking x3  
  158  12:34  Battlecruiser  
  152  12:42  Terran Vehicle And Ship Armor Level 2  
  152  13:03  Battlecruiser  
  154  13:12  Siege Tank  
  147  13:18  SCV x5  
  152  13:25  Battlecruiser  
  154  13:30  SCV x5  
  154  13:44  Siege Tank  
  157  13:50  Battlecruiser  
  157  13:51  SCV x3  
  166  14:09  Battlecruiser  
  172  14:20  Siege Tank  
  175  14:28  Sensor Tower  
  160  14:52  Siege Tank  
  163  14:56  Supply Depot  
  163  14:59  Command Center  
  163  15:00  Command Center  
  163  15:06  Battlecruiser  
  163  15:36  SCV x5  
  166  15:44  Battlecruiser  
  166  15:47  Siege Tank  
  167  15:59  Battlecruiser  
  131  16:19  Siege Tank  
  131  16:25  Battlecruiser  
  122  16:35  Orbital Command x2  
  122  16:39  Starport  
  122  16:41  Starport  
  122  16:42  Starport  
  122  16:59  Engineering Bay  
  122  17:06  Siege Tank  
  125  17:16  Starport Tech Lab  
  125  17:37  Starport Tech Lab x2  
  125  17:38  Battlecruiser  
  101  17:51  Battlecruiser  
  101  17:57  Starport Tech Lab x2  
Show
View Real Time Build Order
Export as new Build Order

ДартАньЯн Zerg 

Build Orders: Hatch First 

Get SALT Encoding   

  12  0:01  Drone  
  13  0:12  Overlord  
  13  0:20  Drone  
  14  0:32  Drone x2  
  16  0:36  Drone  
  17  0:54  Hatchery  
  17  0:57  Drone  
  17  1:00  Drone  
  18  1:12  Extractor  
  18  1:16  Spawning Pool  
  17  1:18  Drone  
  17  1:22  Drone  
  18  1:29  Drone  
  19  1:40  Overlord  
  19  1:52  Drone  
  20  2:01  Drone  
  20  2:06  Evolution Chamber  
  20  2:07  Queen  
  22  2:09  Queen  
  22  2:10  Drone  
  22  2:13  Drone  
  26  2:19  Zergling x2  
  27  2:25  Spine Crawler  
  27  2:28  Drone  
  27  2:31  Drone  
  27  2:35  Drone  
  29  2:44  Overlord  
  29  2:45  Pneumatized Carapace  
  29  2:55  Lair  
  29  2:58  Drone  
  30  3:00  Spore Crawler  
  30  3:02  Spore Crawler  
  30  3:04  Drone  
  30  3:05  Drone  
  30  3:08  Drone  
  30  3:10  Drone  
  32  3:24  Drone  
  32  3:26  Drone  
  34  3:27  Queen  
  36  3:37  Drone x3  
  36  3:38  Drone x2  
  36  3:40  Drone  
  42  3:42  Drone  
  42  3:45  Drone  
  42  3:47  Extractor  
  42  3:48  Extractor  
  42  4:09  Drone x2  
  44  4:11  Overlord x2  
  44  4:12  Overlord x2  
  44  4:18  Roach Warren  
  44  4:21  Hydralisk Den, Queen  
  44  4:26  Infestation Pit  
  44  4:27  Extractor  
  44  4:31  Evolution Chamber  
  41  4:45  Drone x3  
  44  4:47  Zergling x4  
  44  4:50  Drone x3  
  44  4:51  Drone  
  50  5:17  Hive  
  50  5:18  Drone x4  
  50  5:20  Hydralisk x2  
  50  5:21  Hydralisk  
  58  5:24  Drone  
  61  5:38  Hatchery  
  60  5:51  Roach x3  
  60  5:52  Roach x3  
  60  5:53  Roach x2  
  60  5:55  Burrow  
  75  6:01  Overlord x2  
  75  6:02  Overlord  
  71  6:16  Tunneling Claws  
  71  6:25  Muscular Augments  
  71  6:26  Roach  
  71  6:27  Roach x3  
  75  6:34  Drone x2  
  75  6:45  Hatchery  
  74  7:05  Queen  
  76  7:15  Ultralisk Cavern  
  76  7:16  Drone  
  76  7:19  Zerg Ground Armor Level 1  
  76  7:20  Zerg Missile Weapons Level 1  
  76  7:26  Hatchery  
  75  7:34  Glial Reconstitution  
  75  7:45  Roach  
  75  7:46  Roach x7  
  89  7:55  Roach x6  
  89  7:56  Hydralisk x2, Roach x4  
  89  7:57  Hydralisk  
  94  8:09  Overlord x3  
  94  8:11  Chitinous Plating  
  92  8:23  Roach x16  
  92  8:27  Drone  
  90  8:32  Drone  
  90  8:33  Drone  
  92  8:44  Hatchery  
  92  8:48  Hatchery, Spine Crawler  
  89  8:55  Viper x2  
  92  9:00  Drone x3  
  92  9:01  Drone x5  
  103  9:13  Overseer  
  103  9:34  Extractor  
  103  9:37  Drone x3  
  105  9:39  Ultralisk  
  105  9:40  Extractor, Drone  
  105  9:41  Drone  
  105  9:42  Drone  
  105  9:43  Overlord x2  
  113  10:11  Drone x6  
  113  10:12  Drone x3  
  113  10:13  Drone  
  123  10:21  Ultralisk x2, Hydralisk x2  
  123  10:26  Zerg Ground Armor Level 2  
  123  10:27  Zerg Missile Weapons Level 2  
  139  10:33  Metabolic Boost  
  139  10:49  Hydralisk x2  
  141  10:52  Drone  
  141  10:54  Overlord x3  
  141  10:55  Overlord x7  
  144  11:45  Hydralisk x3  
  144  11:46  Hydralisk x8  
  144  11:47  Hydralisk x7  
  160  11:48  Hydralisk x3  
  160  11:52  Drone x3  
  160  11:53  Drone x6  
  195  11:55  Extractor  
  194  12:02  Evolution Chamber  
  194  12:04  Spire  
  194  12:08  Baneling Nest  
  191  12:16  Drone x3  
  191  12:20  Extractor  
  191  12:21  Spore Crawler, Drone x3  
  181  12:49  Viper, Ultralisk  
  181  12:50  Ultralisk, Hydralisk x3  
  181  12:51  Roach x2  
  186  13:10  Zerg Ground Armor Level 3  
  186  13:11  Zerg Melee Weapons Level 1  
  186  13:24  Roach x11  
  186  13:25  Zerg Missile Weapons Level 3  
  176  14:03  Hydralisk  
  176  14:04  Hydralisk x7  
  176  14:05  Hydralisk  
  176  14:06  Ultralisk  
  148  14:38  Ultralisk x2, Hydralisk x2  
  148  14:39  Ultralisk, Hydralisk x3  
  162  15:01  Overseer  
  162  15:03  Hatchery  
  157  15:31  Hydralisk  
  157  15:32  Hydralisk x7  
  157  15:33  Hydralisk x7  
  157  15:34  Hydralisk x5  
  196  15:47  Spore Crawler x2  
  196  15:49  Spore Crawler, Hydralisk x4  
  197  15:50  Spore Crawler x3  
  197  15:51  Spore Crawler  
  197  15:52  Spore Crawler  
  194  16:12  Hydralisk x3  
  200  16:33  Extractor  
  200  16:38  Extractor  
  198  16:52  Queen  
  200  16:55  Zerg Melee Weapons Level 2  
  200  17:00  Greater Spire  
  200  18:35  Drone x22  
  199  19:22  Hatchery  
  186  19:35  Hydralisk x5  
  186  19:36  Hydralisk x6  
  194  19:57  Ultralisk  
  194  19:58  Roach  
  198  20:05  Drone x19  
  196  20:26  Extractor  
  196  20:27  Extractor  
  194  20:56  Hydralisk Den  
  135  21:19  Ultralisk  
  137  21:28  Hydralisk Den, Hydralisk x5  
  137  21:29  Hydralisk  
  147  21:38  Drone x2  
  147  21:40  Hydralisk x6  
  147  21:41  Viper x2  
  147  21:42  Hydralisk x6  
  147  21:46  Drone x2  
  147  21:47  Drone x7  
  181  21:48  Drone  
  181  21:53  Spore Crawler  
  186  21:56  Spore Crawler  
  184  22:24  Drone x3  
  184  22:26  Drone x6  
  184  22:27  Drone  
  133  22:58  Hydralisk x2  
  133  22:59  Ultralisk, Hydralisk x3  
  133  23:02  Zergling x28  
  133  23:03  Queen  
  133  23:04  Drone x3  
  133  23:05  Drone  
  169  23:07  Drone x2  
  169  23:09  Drone x2  
  169  23:10  Spore Crawler  
  172  23:18  Hydralisk x3  
  172  23:40  Hydralisk x3  
  144  24:14  Hatchery  
  141  24:19  Drone x3  
  142  24:32  Hydralisk  
  142  24:33  Ultralisk x2, Hydralisk x4  
  138  24:46  Hydralisk x2  
  138  24:47  Zergling x2, Hydralisk x2  
  138  24:48  Zergling x12  
  138  24:49  Zergling x2  
  129  25:12  Ultralisk, Hydralisk x2  
  129  25:13  Zergling x2  
  131  25:14  Zergling x6  
  134  25:26  Drone x3  
  134  25:27  Drone x5  
  140  25:28  Hydralisk x2  
  140  25:29  Hydralisk x3  
  140  25:32  Roach  
  123  26:23  Viper, Ultralisk x2, Hydralisk  
  123  26:24  Zergling x10  
  123  26:25  Zergling x2  
  146  26:48  Hatchery  
  105  27:20  Hydralisk x3  
  105  27:21  Hydralisk x7, Drone  
  105  27:22  Hydralisk  
  111  27:23  Zergling x2, Roach  
  109  27:48  Extractor  
  96  28:03  Hydralisk x3  
  96  28:04  Hydralisk x7  
  108  28:06  Zergling x2, Roach  
  109  28:21  Roach x4  
  109  28:24  Extractor  
  113  28:30  Hydralisk  
  103  28:55  Zergling x2, Roach x3  
  102  28:56  Roach x7  
  70  29:25  Roach x5  
  70  29:28  Roach  
  70  29:29  Roach x2  
  53  29:46  Roach x2  
  53  29:47  Roach x6  
  57  29:56  Hydralisk Den  
  57  29:58  Drone x3  
  59  30:04  Roach  
  61  30:08  Roach  
  61  30:09  Roach x2  
  63  30:25  Zergling x6  
  63  30:27  Zergling x6  
  67  30:32  Zergling x4  
  69  30:39  Hydralisk x5  
  69  30:40  Hydralisk x7  
  89  30:56  Roach  
  88  31:01  Hydralisk x3  
  94  31:19  Hydralisk  
  94  31:20  Hydralisk x2  
  94  31:21  Hydralisk  
  93  31:37  Hydralisk  
  95  31:52  Hydralisk  
  82  31:56  Hydralisk  
  72  32:17  Drone x3  
  72  32:22  Spawning Pool  
  30  33:00  Drone  
  30  33:01  Drone x2  
Show
View Real Time Build Order
Export as new Build Order

Zarak Zerg 

Build Orders: Pool First, Lurkers 

Get SALT Encoding   

  12  0:01  Drone  
  13  0:08  Drone  
  14  0:20  Overlord  
  14  0:35  Spawning Pool  
  14  0:38  Drone  
  14  0:44  Drone  
  14  0:46  Drone  
  16  0:51  Drone  
  17  1:03  Drone  
  18  1:08  Extractor  
  17  1:11  Drone  
  18  1:22  Queen  
  20  1:27  Zergling x2  
  21  1:33  Overlord  
  21  1:43  Extractor  
  21  1:44  Drone  
  22  2:01  Drone  
  22  2:04  Hatchery  
  21  2:12  Roach Warren  
  21  2:14  Drone  
  21  2:15  Drone  
  22  2:27  Drone  
  23  2:34  Lair  
  23  2:39  Drone  
  23  2:43  Drone  
  25  2:47  Drone  
  26  2:54  Overlord  
  26  3:02  Roach  
  28  3:15  Roach  
  28  3:19  Drone, Queen  
  33  3:31  Drone  
  33  3:33  Drone x2  
  36  3:39  Roach x2  
  40  3:41  Drone  
  41  3:49  Glial Reconstitution  
  41  3:54  Drone  
  42  3:57  Overlord  
  42  4:03  Queen  
  44  4:14  Queen  
  46  4:17  Spore Crawler  
  46  4:20  Drone x2  
  47  4:49  Hydralisk Den, Drone  
  47  4:50  Drone x5  
  52  4:55  Overlord x3  
  52  4:56  Extractor  
  52  4:58  Extractor  
  50  5:00  Roach  
  52  5:09  Spore Crawler  
  52  5:11  Overlord  
  51  5:15  Roach x2  
  55  5:26  Drone  
  55  5:27  Drone  
  55  5:28  Drone x2  
  58  5:35  Overseer  
  57  5:48  Drone  
  57  5:49  Spore Crawler  
  57  5:55  Drone  
  57  5:56  Drone x4  
  62  6:01  Roach  
  62  6:02  Roach  
  66  6:10  Spore Crawler  
  66  6:11  Hydralisk x2  
  65  6:40  Queen  
  65  6:45  Spore Crawler, Lurker Den  
  65  6:46  Drone x3  
  65  6:47  Drone  
  70  6:49  Hydralisk x4  
  70  6:50  Hydralisk  
  80  7:09  Hydralisk x2  
  80  7:11  Evolution Chamber  
  80  7:12  Evolution Chamber  
  80  7:13  Overlord x2  
  82  7:27  Drone x2  
  84  7:39  Pneumatized Carapace  
  84  7:44  Lurker x3  
  84  7:47  Hydralisk x4  
  95  7:54  Zerg Missile Weapons Level 1  
  95  7:57  Zerg Ground Armor Level 1  
  95  8:23  Roach  
  95  8:24  Roach x2  
  100  8:39  Muscular Augments  
  100  8:44  Nydus Network  
  96  8:58  Roach x2  
  96  9:02  Overlord x5  
  100  9:03  Overlord  
  100  9:27  Lurker  
  100  9:28  Lurker x4  
  105  9:42  Hatchery  
  105  9:44  Hydralisk  
  105  9:45  Hydralisk x4  
  114  10:16  Hydralisk  
  114  10:17  Hydralisk x6  
  114  10:20  Lurker  
  129  10:22  Lurker  
  127  10:43  Hydralisk  
  127  10:45  Hatchery  
  128  10:56  Hydralisk  
  128  10:57  Hydralisk x2  
  134  11:04  Drone x2  
  134  11:05  Drone  
  137  11:15  Drone x4  
  137  11:17  Drone  
  139  11:52  Hydralisk x4  
  145  12:13  Hydralisk  
  145  12:14  Hydralisk x6  
  154  12:27  Overlord x3  
  154  12:35  Spore Crawler  
  116  13:18  Hydralisk x4  
  116  13:19  Hydralisk x12  
  148  13:20  Hydralisk  
  150  13:45  Zerg Missile Weapons Level 2  
  86  14:30  Hydralisk x7  
  86  14:31  Hydralisk x6  
  21  15:17  Roach  
  21  15:18  Roach x2  
  26  15:52  Queen  
  28  15:57  Hatchery  
  27  16:12  Overseer  
  27  16:28  Queen  
  29  16:33  Hydralisk Den  
  28  16:42  Zergling x6  
  31  17:10  Queen  
  33  17:21  Drone x7  
  39  17:49  Extractor  
  39  17:51  Extractor  
  36  17:53  Zergling x2  
  36  17:54  Zergling x10  
  39  18:32  Hydralisk x6  
  10  19:09  Drone x2  
Show
View Real Time Build Order
Export as new Build Order

Axis Protoss 

Build Orders: Nexus First 

Get SALT Encoding   

  12  0:02  Probe (Chrono Boost)  
  13  0:12  Probe (Chrono Boost)  
  14  0:22  Pylon  
  14  0:25  Probe (Chrono Boost)  
  15  0:40  Probe (Chrono Boost)  
  16  0:51  Probe (Chrono Boost)  
  17  1:02  Nexus  
  17  1:04  Probe (Chrono Boost)  
  17  1:11  Assimilator  
  19  1:18  Probe (Chrono Boost)  
  19  1:28  Gateway  
  19  1:33  Probe (Chrono Boost)  
  19  1:39  Assimilator  
  20  1:43  Probe (Chrono Boost)  
  22  1:54  Probe (Chrono Boost)  
  22  2:04  Probe (Chrono Boost)  
  23  2:15  Pylon  
  23  2:18  Probe (Chrono Boost)  
  23  2:19  Probe (Chrono Boost), Cybernetics Core  
  25  2:29  Probe (Chrono Boost)  
  29  2:30  Zealot, Probe (Chrono Boost)  
  28  2:39  Probe (Chrono Boost)  
  26  2:52  Adept (Chrono Boost)  
  25  3:00  Mothership Core (Chrono Boost)  
  28  3:09  Assimilator  
  28  3:11  Assimilator  
  28  3:13  Probe (Chrono Boost)  
  28  3:19  Probe (Chrono Boost)  
  29  3:25  Probe (Chrono Boost)  
  29  3:26  Sentry  
  32  3:29  Probe (Chrono Boost)  
  32  3:31  Warp Gate  
  33  3:37  Probe (Chrono Boost)  
  33  3:40  Probe (Chrono Boost)  
  35  3:47  Probe (Chrono Boost)  
  36  3:50  Probe (Chrono Boost)  
  37  3:58  Probe (Chrono Boost)  
  37  4:01  Probe (Chrono Boost)  
  39  4:05  Robotics Facility  
  39  4:08  Probe (Chrono Boost)  
  40  4:12  Probe (Chrono Boost)  
  41  4:19  Probe (Chrono Boost)  
  41  4:21  Adept (Chrono Boost)  
  41  4:22  Probe (Chrono Boost)  
  45  4:29  Pylon  
  46  4:31  Probe (Chrono Boost)  
  46  4:33  Probe (Chrono Boost)  
  45  4:41  Probe (Chrono Boost)  
  44  4:47  Probe  
  44  4:50  Stalker (Chrono Boost)  
  46  5:02  Observer (Chrono Boost)  
  43  5:21  Sentry (Chrono Boost)  
  42  5:32  Probe  
  43  5:38  Probe (Chrono Boost)  
  44  5:43  Probe (Chrono Boost)  
  44  5:48  Sentry (Chrono Boost)  
  47  5:50  Probe (Chrono Boost)  
  47  5:54  Probe (Chrono Boost)  
  49  5:59  Twilight Council  
  49  6:01  Probe (Chrono Boost)  
  50  6:05  Probe (Chrono Boost)  
  50  6:11  Stalker  
  53  6:12  Probe (Chrono Boost)  
  53  6:17  Pylon  
  54  6:19  Pylon  
  54  6:34  Probe (Chrono Boost)  
  54  6:35  Probe (Chrono Boost)  
  54  6:36  Immortal (Chrono Boost)  
  60  6:50  Probe  
  60  6:52  Probe  
  62  7:01  Probe  
  62  7:02  Blink  
  62  7:04  Probe  
  64  7:10  Dark Shrine  
  64  7:11  Warp Prism (Chrono Boost), Probe  
  67  7:16  Probe  
  67  7:22  Probe  
  68  7:26  Robotics Bay  
  68  7:28  Forge  
  69  7:30  Forge  
  69  7:33  Probe  
  70  7:46  Nexus  
  70  7:51  Protoss Ground Weapons Level 1 (Chrono Boost)  
  70  7:56  Protoss Ground Armor Level 1 (Chrono Boost)  
  70  8:02  Gateway  
  70  8:04  Gateway  
  70  8:07  Pylon  
  70  8:09  Pylon  
  70  8:15  Extended Thermal Lance  
  70  8:25  Probe x2  
  72  8:37  Probe x2  
  74  8:43  Stalker  
  74  8:44  Robotics Facility  
  74  8:45  Colossus (Chrono Boost)  
  82  8:49  Probe  
  82  8:52  Pylon  
  82  8:53  Pylon  
  82  8:54  Pylon  
  83  9:03  Stalker  
  83  9:04  Stalker  
  87  9:11  Pylon  
  87  9:16  Stalker  
  89  9:17  Probe  
  89  9:18  Probe x2  
  89  9:23  Assimilator  
  92  9:27  Probe, Assimilator  
  92  9:30  Stalker, Probe x2  
  92  9:31  Stalker  
  99  9:35  Colossus  
  99  9:38  Probe  
  106  9:58  Probe  
  106  9:59  Probe x2  
  107  10:08  Probe  
  107  10:09  Colossus (Chrono Boost)  
  107  10:11  Probe x2  
  116  10:19  Protoss Ground Armor Level 2 (Chrono Boost)  
  116  10:20  Protoss Ground Weapons Level 2 (Chrono Boost)  
  116  10:29  Colossus (Chrono Boost)  
  122  10:44  Dark Templar x2  
  126  10:52  Archon  
  126  10:55  Gateway x2  
  126  10:57  Probe  
  126  10:58  Probe x2  
  126  10:59  Gateway  
  126  11:00  Gateway  
  126  11:01  Pylon  
  129  11:06  Gateway  
  129  11:10  Probe  
  131  11:18  Observer  
  131  11:23  Observer  
  133  11:40  Observer  
  133  11:53  Stalker x4  
  141  11:59  Pylon  
  141  12:00  Pylon  
  141  12:01  Pylon  
  141  12:03  Pylon  
  141  12:07  Pylon  
  141  12:16  Colossus  
  141  12:17  Colossus  
  147  12:41  Stalker x2  
  147  12:42  Stalker x5  
  147  12:43  Stalker  
  93  13:10  Warp Prism  
Tags
 
Add a new tag
Caveats
  • Supply blocks, unpowered buildings, or Contaminate may cause inaccurate times.
  • Supply counts are checked every 10 seconds.